 Dungeon Crawl Stone Soup version 0.27-a0-1105-g946c659c87 (webtiles) character file.

Game seed: 4897759028163284972

0 kae the Skirmisher (level 1, -8/18 HPs)
             Began as a Demonspawn Abyssal Knight on Apr 29, 2021.
             Was a Follower of Lugonu.
             Mangled by a tentacled starspawn (11 damage)
             ... on level 1 of the Abyss.
             The game lasted 00:00:21 (383 turns).

kae the Skirmisher (Demonspawn Abyssal Knight)       Turns: 383, Time: 00:00:22

Health: -8/18      AC:  3    Str: 12    XL:     1   Next: 0%
Magic:  2/2        EV: 11    Int: 13    God:    Lugonu [*.....]
Gold:   0          SH:  0    Dex: 12    Spells: 0/0 levels left

rFire    . . .     SeeInvis .   a - +1 falchion
rCold    . . .     Faith    .   (no shield)
rNeg     . . .     Spirit   .   b - +0 leather armour
rPois    .         Reflect  .   (no helmet)
rElec    .         Harm     .   (no cloak)
rCorr    .         Rampage  .   (no gloves)
Will     .....                  (no boots)
Stlth    +.........             (no amulet)
HPRegen  0.06/turn              (no ring)
MPRegen  0.08/turn              (no ring)

@: confused
A: no striking features
a: Renounce Religion, Depart the Abyss


You were on level 1 of the Abyss.
You worshipped Lugonu.
Lugonu was aware of your devotion.
You visited 0 branches of the dungeon, and saw 0 of its levels.
You visited the Abyss 1 time.

Inventory:

Hand Weapons
 a - a +1 falchion (weapon)
Armour
 b - a +0 leather armour (worn)
Potions
 c - a potion of magic {unknown}


   Skills:
 + Level 3.0 Fighting
 * Level 1.7 Long Blades
 + Level 1.7 Armour
 + Level 0.8 Dodging
 + Level 2.4 Invocations


You couldn't memorise any spells.
You didn't know any spells.
Your spell library was empty.

Dungeon Overview and Level Annotations

Branches:
Dungeon (0/15)

Altars:


Message History

The golden eye blinks!
The golden eye blinks!
You bump into the stone wall.
You bump into the stone wall.
You bump into the stone wall.
You're too confused to move!
You're too confused to move!
You bump into the stone wall.
You bump into the stone wall.
You bump into the stone wall.
You bump into the stone wall.
You bump into the rock wall.
You bump into the rock wall.
You bump into the stone wall.
You bump into the stone wall.
You bump into the stone wall.
Something unseen opens the large door.
A tentacled starspawn comes into view.
You bump into the stone wall.
You bump into the stone wall.
A tentacle flies out from the starspawn's body!
The golden eye blinks at you.
You are more confused.
A starspawn tentacle comes into view.
You bump into the stone wall.
The golden eye pulsates ominously.
The golden eye blinks at you. You resist with almost no effort.
The golden eye blinks at you.
You are more confused.
A starspawn tentacle comes into view.
You bump into the stone wall.
You bump into the stone wall.
The golden eye blinks!
The starspawn tentacle misses you.
You hit the starspawn tentacle but do no damage.
The tentacled starspawn bites you!
Ouch! That really hurt!
* * * LOW HITPOINT WARNING * * *
The tentacled starspawn tentacle-slaps you!
Ouch! That really hurt!
You die...

# ..
#.###### .
. .
....#.#''##
#....Λ#.###
#.#./#│.#.#
##.<#.│#.#
.#.\G.X.#
#....\##@#
#....
#.#─w### .
###.## #..#
.. . ....#
##. #....
## ##...#
#...# ..##


You could see a tentacled starspawn, a starspawn tentacle and a golden eye.

Vanquished Creatures (others)
  A starspawn tentacle (Abyss:1)
1 creature vanquished.

Notes
Turn   | Place    | Note
-------+----------+-------------------------------------------
     0 | Abyss:1  | kae the Demonspawn Abyssal Knight began the quest for the
                  | Orb.
     0 | Abyss:1  | Reached XP level 1. HP: 18/18 MP: 2/2
    98 | Abyss:1  | Noticed a golden eye
   377 | Abyss:1  | Noticed a tentacled starspawn
   383 | Abyss:1  | Mangled by a tentacled starspawn

Illustrated notes

Levels and vault maps discovered:
Abyss:1:  base: Temple, base: Temple, minivault_5

Action                   || total
-------------------------++-------
Melee: Falchion          ||    23
Dodge: Dodged            ||     1

Table legend: (Time is in decaauts)
 A = Elapsed time spent in this place.
 B = Non-inter-level travel time spent in this place.
 C = Inter-level travel time spent in this place.
 D = Time resting spent in this place.
 E = Time spent auto-exploring this place.
 F = Levels seen in this place.
 G = Mean time per level.
                   A        B        C        D        E       F      G
               +--------+--------+--------+--------+--------+-----+--------+
         Total |    387 |    387 |      0 |      0 |     98 |   1 |  387.0 |
         Abyss |    387 |    387 |      0 |      0 |     98 |   1 |  387.0 |
               +--------+--------+--------+--------+--------+-----+--------+

Top non-repeatable levels by time:
 Abyss:1: 387 daAuts
